General information
- name: BNet
- type: Ladder team game (AT/RT)
- host: Battle.net
- saver: BILLY_BOITUCHER
map: GoldRush
- players: 8
- length: 43:14
- speed: Fast
- version: 1.26 W3XP
- replay type: Public
» download(188 KB)
Players
team 1 (winner)
BILLY_BOITUCHER (
orange | 51 APM | 2204 actions | 43:14)
9 Mountain King
3 Storm Bolt
3 Bash
1 Avatar
2 Thunder Clap
2 Paladin
2 Divine Shield
» actions
| Assign group hotkey | 33 | |
| Basic commands | 137 | |
| Build / train | 83 | |
| Enter build submenu | 36 | |
| Enter hero's abilities submenu | 11 | |
| Give item / drop item | 1 | |
| Remove unit from queue | 2 | |
| Right click | 1200 | |
| Select / deselect | 385 | |
| Select group hotkey | 258 | |
| Use ability | 58 | |
2204 total
» units
| Peasant | 10 | |
| Footman | 6 | |
| Gryphon Rider | 19 | |
35 total
» upgrades
| Swords | 3 | |
| Masonry | 3 | |
| Animal War Training | 1 | |
| Storm Hammers | 1 | |
| Armor | 3 | |
| Backpack | 1 | |
12 total
» buildings
| Altar of Kings | 1 | |
| Barracks | 1 | |
| Farm | 15 | |
| Keep | 3 | |
| Scout Tower | 11 | |
| Blacksmith | 1 | |
| Arcane Tower | 1 | |
| Lumber Mill | 1 | |
| Arcane Vault | 1 | |
| Gryphon Aviary | 2 | |
| Castle | 1 | |
| Guard Tower | 12 | |
| Town Hall | 1 | |
51 total
» build order
00:03 Altar of Kings
00:09 Barracks
00:14 Farm
01:23 Farm
02:20 Farm
02:26 Keep
02:26 Keep
02:45 Scout Tower
03:14 Blacksmith
03:29 Arcane Tower
03:35 Lumber Mill
05:48 Arcane Vault
05:52 Gryphon Aviary
06:13 Scout Tower
06:23 Castle
06:43 Guard Tower
07:24 Gryphon Aviary
07:36 Guard Tower
09:59 Farm
10:03 Farm
11:38 Farm
13:08 Scout Tower
13:42 Guard Tower
14:01 Farm
14:25 Farm
14:30 Farm
14:34 Farm
16:36 Scout Tower
16:43 Scout Tower
17:16 Guard Tower
17:17 Guard Tower
17:35 Farm
18:05 Scout Tower
18:52 Guard Tower
24:29 Town Hall
28:02 Scout Tower
28:07 Scout Tower
28:34 Guard Tower
29:17 Guard Tower
30:04 Scout Tower
30:05 Scout Tower
31:01 Guard Tower
31:02 Guard Tower
34:46 Farm
34:47 Farm
34:52 Farm
34:53 Farm
36:44 Scout Tower
41:06 Guard Tower
» items
| Scroll of Town Portal | 1 | |
| Ivory Tower | 1 | |
| Boots of Speed | 1 | |
| Staff of Teleportation | 1 | |
| Orb of Fire | 1 | |
5 total
wild-human (
blue | 37 APM | 914 actions | 24:42)
3 Mountain King
1 Storm Bolt
2 Bash
» actions
| Build / train | 70 | |
| Enter build submenu | 20 | |
| Enter hero's abilities submenu | 3 | |
| Remove unit from queue | 1 | |
| Right click | 502 | |
| Select / deselect | 259 | |
| Use ability | 59 | |
914 total
» units
| Peasant | 9 | |
| Footman | 17 | |
| Rifleman | 7 | |
| Mortar Team | 12 | |
| Dragonhawk Rider | 3 | |
| Sorceress | 5 | |
53 total
» buildings
| Altar of Kings | 1 | |
| Farm | 7 | |
| Barracks | 1 | |
| Lumber Mill | 1 | |
| Blacksmith | 1 | |
| Keep | 1 | |
| Scout Tower | 3 | |
| Arcane Vault | 1 | |
| Guard Tower | 5 | |
| Workshop | 2 | |
| Gryphon Aviary | 2 | |
25 total
» build order
00:07 Altar of Kings
00:14 Farm
00:32 Barracks
01:02 Farm
03:37 Lumber Mill
05:48 Blacksmith
05:52 Farm
05:59 Farm
06:42 Keep
07:02 Scout Tower
08:52 Arcane Vault
09:00 Guard Tower
09:03 Scout Tower
09:27 Workshop
09:29 Workshop
10:06 Farm
10:59 Farm
11:00 Farm
11:05 Guard Tower
12:50 Guard Tower
12:52 Guard Tower
12:58 Guard Tower
14:14 Gryphon Aviary
14:47 Gryphon Aviary
18:08 Scout Tower
» items
| Potion of Healing | 2 | |
| Potion of Mana | 1 | |
| Ivory Tower | 3 | |
6 total

»
fornight (
purple | 61 APM | 959 actions | 15:46)
5 Mountain King
3 Storm Bolt
2 Bash
2 Paladin
2 Holy Light
» actions
| Assign group hotkey | 33 | |
| Basic commands | 15 | |
| Build / train | 56 | |
| ESC pressed | 1 | |
| Enter build submenu | 21 | |
| Enter hero's abilities submenu | 6 | |
| Right click | 239 | |
| Select / deselect | 204 | |
| Select group hotkey | 348 | |
| Use ability | 36 | |
959 total
» units
| Peasant | 12 | |
| Footman | 3 | |
| Rifleman | 4 | |
| Gryphon Rider | 4 | |
| Knight | 5 | |
| Priest | 5 | |
| Spell Breaker | 1 | |
| Dragonhawk Rider | 5 | |
39 total
» upgrades
» buildings
| Altar of Kings | 1 | |
| Farm | 11 | |
| Barracks | 1 | |
| Scout Tower | 1 | |
| Blacksmith | 1 | |
| Arcane Tower | 1 | |
| Keep | 1 | |
| Lumber Mill | 1 | |
| Arcane Vault | 1 | |
| Castle | 1 | |
| Gryphon Aviary | 2 | |
| Town Hall | 1 | |
| Arcane Sanctum | 1 | |
24 total
» build order
00:06 Altar of Kings
00:07 Farm
00:35 Barracks
00:52 Farm
01:51 Scout Tower
01:55 Farm
02:02 Blacksmith
02:19 Arcane Tower
03:09 Keep
03:39 Farm
04:37 Lumber Mill
05:11 Arcane Vault
05:47 Castle
06:50 Gryphon Aviary
07:39 Town Hall
07:49 Farm
07:54 Arcane Sanctum
09:24 Farm
11:02 Farm
11:02 Farm
11:04 Farm
12:54 Farm
12:55 Farm
13:06 Gryphon Aviary
» items
| Scroll of Town Portal | 2 | |
| Scroll of Regeneration | 2 | |
4 total

»
boblegeorge (
red | 30 APM | 680 actions | 22:48)
4 Archmage
1 Summon Water Elemental
1 Brilliance Aura
2 Blizzard
1 Mountain King
1 Avatar
1 Paladin
1 Devotion Aura
» actions
| Basic commands | 8 | |
| Build / train | 97 | |
| Enter build submenu | 21 | |
| Enter hero's abilities submenu | 6 | |
| Remove unit from queue | 13 | |
| Right click | 242 | |
| Select / deselect | 246 | |
| Use ability | 47 | |
680 total
» units
| Peasant | 17 | |
| Footman | 26 | |
| Rifleman | 2 | |
| Dragonhawk Rider | 4 | |
| Flying Machine | 21 | |
70 total
» upgrades
| Swords | 1 | |
| Plating | 1 | |
| Lumber Harvesting | 1 | |
| Flak Cannons | 1 | |
| Flying Machine Bombs | 1 | |
5 total
» buildings
| Farm | 11 | |
| Altar of Kings | 1 | |
| Lumber Mill | 1 | |
| Barracks | 2 | |
| Blacksmith | 1 | |
| Keep | 1 | |
| Arcane Vault | 1 | |
| Scout Tower | 8 | |
| Workshop | 2 | |
| Castle | 1 | |
29 total
» build order
00:12 Farm
00:31 Altar of Kings
01:16 Lumber Mill
01:48 Barracks
02:32 Farm
02:34 Farm
02:36 Farm
02:37 Farm
03:13 Blacksmith
04:38 Keep
04:59 Arcane Vault
06:52 Scout Tower
06:53 Scout Tower
06:55 Scout Tower
06:59 Scout Tower
07:01 Scout Tower
07:02 Scout Tower
07:14 Scout Tower
07:18 Scout Tower
07:46 Barracks
11:24 Workshop
12:35 Workshop
13:52 Farm
13:53 Farm
13:54 Farm
13:55 Farm
13:56 Farm
13:57 Farm
14:31 Castle
» items
team 2 (loser)
ICE-CREAM-BOY (
pink | 42 APM | 1829 actions | 43:11)
8 Mountain King
3 Storm Bolt
3 Bash
1 Avatar
1 Thunder Clap
1 Pandaren Brewmaster
1 Breath of Fire
» actions
| Assign group hotkey | 31 | |
| Basic commands | 139 | |
| Build / train | 75 | |
| Enter build submenu | 20 | |
| Enter hero's abilities submenu | 11 | |
| Give item / drop item | 2 | |
| Right click | 679 | |
| Select / deselect | 265 | |
| Select group hotkey | 539 | |
| Use ability | 68 | |
1829 total
» units
| Peasant | 18 | |
| Footman | 7 | |
| Forest Troll Shadow Priest | 1 | |
| Gryphon Rider | 10 | |
36 total
» upgrades
| Swords | 2 | |
| Armor | 3 | |
| Masonry | 2 | |
| Lumber Harvesting | 1 | |
| Storm Hammers | 1 | |
9 total
» buildings
| Altar of Kings | 1 | |
| Barracks | 1 | |
| Farm | 12 | |
| Scout Tower | 5 | |
| Arcane Vault | 1 | |
| Arcane Tower | 2 | |
| Town Hall | 3 | |
| Keep | 2 | |
| Lumber Mill | 1 | |
| Blacksmith | 1 | |
| Guard Tower | 2 | |
| Castle | 1 | |
| Gryphon Aviary | 3 | |
35 total
» build order
00:11 Altar of Kings
00:22 Barracks
00:39 Farm
00:55 Farm
01:31 Farm
01:40 Scout Tower
02:03 Arcane Vault
02:10 Arcane Tower
03:53 Town Hall
04:21 Farm
05:44 Keep
05:45 Keep
06:12 Lumber Mill
06:17 Blacksmith
06:20 Scout Tower
06:21 Scout Tower
06:22 Scout Tower
06:22 Scout Tower
07:02 Arcane Tower
07:31 Guard Tower
08:09 Castle
08:11 Gryphon Aviary
08:12 Gryphon Aviary
09:09 Guard Tower
09:23 Farm
09:23 Farm
09:23 Farm
09:25 Farm
09:25 Farm
09:48 Farm
09:48 Farm
10:44 Gryphon Aviary
18:51 Town Hall
19:24 Town Hall
38:38 Farm
» items
| Healing Salve | 1 | |
| Lesser Clarity Potion | 1 | |
| Potion of Lesser Invulnerability | 2 | |
| Staff of Teleportation | 2 | |
| Scroll of Town Portal | 4 | |
| Potion of Mana | 1 | |
| Scroll of Regeneration | 1 | |
12 total
spreadurlegs (
teal | 25 APM | 525 actions | 21:04)
4 Blademaster
2 Wind Walk
2 Critical Strike
» actions
| Basic commands | 42 | |
| Build / train | 39 | |
| Enter build submenu | 21 | |
| Enter hero's abilities submenu | 4 | |
| Remove unit from queue | 1 | |
| Right click | 191 | |
| Select / deselect | 177 | |
| Use ability | 50 | |
525 total
» units
» upgrades
| Melee Weapons | 2 | |
| Armor | 2 | |
| Spiked Barricades | 1 | |
| Berserker Strength | 1 | |
6 total
» buildings
| Altar of Storms | 2 | |
| Orc Burrow | 8 | |
| Barracks | 2 | |
| War Mill | 1 | |
| Voodoo Lounge | 1 | |
| Watch Tower | 3 | |
| Stronghold | 1 | |
| Fortress | 1 | |
| Tauren Totem | 2 | |
21 total
» build order
00:16 Altar of Storms
00:24 Orc Burrow
01:19 Barracks
01:42 War Mill
02:04 Orc Burrow
02:45 Orc Burrow
04:18 Voodoo Lounge
06:01 Orc Burrow
06:47 Orc Burrow
06:55 Watch Tower
07:03 Orc Burrow
09:19 Altar of Storms
09:26 Barracks
11:59 Watch Tower
12:04 Watch Tower
12:42 Stronghold
13:14 Orc Burrow
15:18 Fortress
17:47 Tauren Totem
17:52 Tauren Totem
19:10 Orc Burrow
» items

»
cronicblaze (
yellow | 27 APM | 1005 actions | 37:30)
6 Archmage
2 Summon Water Elemental
3 Blizzard
1 Mass Teleport
1 Blademaster
1 Critical Strike
» actions
| Assign group hotkey | 16 | |
| Basic commands | 2 | |
| Build / train | 77 | |
| Enter build submenu | 51 | |
| Enter hero's abilities submenu | 7 | |
| Give item / drop item | 5 | |
| Remove unit from queue | 1 | |
| Right click | 454 | |
| Select / deselect | 253 | |
| Select group hotkey | 54 | |
| Use ability | 85 | |
1005 total
» units
| Peasant | 15 | |
| Rifleman | 17 | |
| Priest | 3 | |
35 total
» upgrades
| Gunpowder | 3 | |
| Armor | 3 | |
| Long Rifles | 1 | |
| Priest Training | 2 | |
| Swords | 1 | |
| Plating | 1 | |
| Lumber Harvesting | 1 | |
| Masonry | 1 | |
13 total
» buildings
| Barracks | 3 | |
| Altar of Kings | 2 | |
| Farm | 12 | |
| Blacksmith | 1 | |
| Lumber Mill | 3 | |
| Arcane Vault | 1 | |
| Keep | 1 | |
| Scout Tower | 17 | |
| Town Hall | 2 | |
| Guard Tower | 7 | |
| Gryphon Aviary | 1 | |
| Arcane Sanctum | 1 | |
| Castle | 1 | |
52 total
» build order
00:12 Barracks
00:14 Altar of Kings
00:19 Farm
01:43 Blacksmith
01:54 Farm
02:37 Barracks
02:41 Farm
03:37 Farm
03:49 Lumber Mill
03:59 Lumber Mill
04:28 Farm
05:57 Arcane Vault
06:10 Farm
07:08 Farm
07:12 Farm
08:13 Keep
08:49 Scout Tower
09:28 Scout Tower
09:32 Farm
09:49 Town Hall
10:01 Guard Tower
11:43 Scout Tower
11:46 Farm
12:20 Scout Tower
12:54 Guard Tower
13:00 Gryphon Aviary
13:15 Arcane Sanctum
13:21 Lumber Mill
13:24 Castle
14:01 Scout Tower
14:11 Scout Tower
15:30 Scout Tower
15:46 Guard Tower
15:56 Scout Tower
16:01 Scout Tower
16:10 Farm
16:31 Scout Tower
16:52 Farm
17:06 Scout Tower
17:10 Guard Tower
17:28 Guard Tower
17:50 Guard Tower
20:34 Barracks
21:20 Scout Tower
21:40 Scout Tower
21:43 Scout Tower
21:45 Scout Tower
21:47 Scout Tower
21:50 Guard Tower
22:01 Scout Tower
25:12 Altar of Kings
27:16 Town Hall
» items
| Scroll of Regeneration | 2 | |
| Potion of Mana | 2 | |
| Orb of Fire | 1 | |
| Potion of Healing | 3 | |
| Ivory Tower | 3 | |
| Lesser Clarity Potion | 1 | |
12 total
Leandro_brasil (
green | 29 APM | 899 actions | 31:30)
3 Mountain King
2 Thunder Clap
1 Storm Bolt
» actions
| Build / train | 87 | |
| Enter build submenu | 27 | |
| Enter hero's abilities submenu | 3 | |
| Remove unit from queue | 19 | |
| Right click | 364 | |
| Select / deselect | 337 | |
| Use ability | 59 | |
899 total
» units
| Peasant | 19 | |
| Footman | 16 | |
| Rifleman | 17 | |
| Priest | 7 | |
| Knight | -3 | |
| Gryphon Rider | -3 | |
53 total
» upgrades
» buildings
| Barracks | 3 | |
| Altar of Kings | 1 | |
| Farm | 7 | |
| Blacksmith | 1 | |
| Lumber Mill | 1 | |
| Keep | 3 | |
| Scout Tower | 19 | |
| Town Hall | 3 | |
| Guard Tower | 5 | |
| Arcane Sanctum | 1 | |
| Gryphon Aviary | 2 | |
| Castle | 1 | |
47 total
» build order
00:19 Barracks
00:23 Altar of Kings
01:25 Farm
02:16 Farm
02:17 Farm
04:15 Blacksmith
06:06 Lumber Mill
06:08 Keep
07:09 Scout Tower
07:10 Scout Tower
07:12 Scout Tower
07:39 Farm
08:42 Town Hall
09:17 Guard Tower
09:50 Arcane Sanctum
10:40 Scout Tower
10:40 Scout Tower
10:40 Scout Tower
12:23 Scout Tower
12:44 Guard Tower
13:18 Guard Tower
14:26 Town Hall
15:47 Town Hall
18:19 Farm
18:19 Farm
18:21 Farm
20:28 Keep
20:28 Keep
21:07 Scout Tower
21:07 Scout Tower
22:03 Guard Tower
22:22 Scout Tower
22:22 Scout Tower
22:23 Scout Tower
22:52 Gryphon Aviary
22:53 Gryphon Aviary
22:56 Castle
24:50 Guard Tower
26:00 Scout Tower
26:00 Scout Tower
26:00 Scout Tower
26:01 Scout Tower
28:13 Barracks
28:14 Barracks
28:29 Scout Tower
28:30 Scout Tower
28:32 Scout Tower
Chat log
(00:05 / All) boblegeorge: omg 4 vs 2..
(00:16 / All) ICE-CREAM-BOY: what
(00:18 / Allies) wild-human: ??
(00:24 / Allies) wild-human: rush ?
(00:44 / Allies) wild-human: rush ?
(00:48 / Allies) boblegeorge: you better be good lol i just lost 2 games because of noobs that left the game
(00:53 / Allies) boblegeorge: yeh sure
(01:33 / Allies) wild-human: meet at your base
(01:37 / Allies) wild-human: reds base
(01:45 / Allies) wild-human: then rush
(02:45 / Allies) wild-human: oj come
(02:54 / Allies) BILLY_BOITUCHER: k
(02:56 / Allies) wild-human: purple come !!!
(02:59 / Allies) wild-human: everyone come
(03:47 / Allies) wild-human: burrows
(04:11 / Allies) fornight: hero
(04:23 / Allies) boblegeorge: hell
(04:25 / Allies) boblegeorge: hall
(04:38 / Allies) wild-human: main
(04:39 / Allies) wild-human: main'
(05:32 / Allies) boblegeorge: b
(06:03 / Allies) fornight: wtf is ur noob style
(06:03 / Allies) wild-human: hit again
(06:05 / Allies) boblegeorge: prepare for counter
(06:06 / Allies) boblegeorge: no
(06:07 / Allies) fornight: they tp, nomain
(06:10 / Allies) fornight: to army ok?
(06:20 / Allies) fornight: not building
(06:22 / Allies) fornight: they tp
(06:24 / Allies) fornight: they got army
(06:32 / Allies) wild-human: so do we ?
(07:07 / Allies) fornight: let me know when u go
(07:11 / Allies) boblegeorge: sure
(07:24 / Allies) wild-human: im going back
(07:33 / Allies) boblegeorge: haha
(07:39 / Allies) boblegeorge: we og
(07:40 / Allies) boblegeorge: go&
(08:39 / Allies) boblegeorge: barracks
(09:07 / Allies) fornight: wood
(09:48 / All) boblegeorge: hgahaha
(10:02 / Allies) boblegeorge: hit again
(10:10 / Allies) fornight: feeding again
(10:23 / Allies) boblegeorge: burrow
(10:37 / Allies) fornight: give me wood red
(10:40 / Allies) fornight: u got lot bitch
(10:46 / Allies) boblegeorge: okok
(11:30 / Allies) wild-human: lumber please
(11:41 / Allies) BILLY_BOITUCHER: wood please
(11:45 / Allies) BILLY_BOITUCHER: for gryphons
(11:53 / Allies) boblegeorge: lol i just gave 1000 wood
(12:01 / Allies) BILLY_BOITUCHER: thanks for 200
(12:05 / Allies) boblegeorge: np
(12:41 / Allies) boblegeorge: i'm doing mass gryo
(12:44 / Allies) boblegeorge: gyro
(13:11 / Allies) boblegeorge: but it'll take some time x.x need wood
(14:43 / Allies) wild-human: coming
(14:50 / Allies) BILLY_BOITUCHER: anyone have spare gold?
(15:00 / Allies) BILLY_BOITUCHER: thanks
(15:03 / Allies) boblegeorge: np
(16:05 / Allies) boblegeorge: lol this noob i played with him 1 hour go
(16:09 / Allies) boblegeorge: ago*
(16:11 / Allies) boblegeorge: he left too xd
(16:14 / Allies) BILLY_BOITUCHER: who?
(16:17 / Allies) boblegeorge: purp
(16:30 / Allies) boblegeorge: he left when i played with him twice, he left twice
(16:34 / Allies) BILLY_BOITUCHER: wow
(18:21 / Allies) boblegeorge: wait for my gyros
(18:24 / Allies) boblegeorge: not yet
(19:24 / Allies) boblegeorge: oj
(19:27 / Allies) boblegeorge: what you doing
(19:38 / Allies) BILLY_BOITUCHER: gettying gryphons
(19:41 / Allies) boblegeorge: were attaking
(20:01 / All) ICE-CREAM-BOY: gold plz
(22:06 / Allies) boblegeorge: wtf!!
(22:09 / Allies) boblegeorge: stop that oj
(22:18 / Allies) boblegeorge: fucking team killer
(22:20 / All) BILLY_BOITUCHER: RAPED
(22:40 / All) boblegeorge: you lucky that we have 1 person that left and a teamkiller
(22:44 / All) boblegeorge: gg
(22:49 / All) BILLY_BOITUCHER: we'rel ucky that you suck
(23:50 / All) ICE-CREAM-BOY: give me ur goldo now yellow
(24:20 / Allies) wild-human: gold plz
(24:23 / All) ICE-CREAM-BOY: im doing justice
(24:24 / Allies) BILLY_BOITUCHER: gtfo
(24:25 / All) ICE-CREAM-BOY: yellow
(24:31 / All) ICE-CREAM-BOY: u looked at me with disrespect
(24:36 / All) BILLY_BOITUCHER: blue
(24:42 / All) BILLY_BOITUCHER: GET THE FUCK OUT
(24:48 / All) BILLY_BOITUCHER: pro
(26:23 / All) ICE-CREAM-BOY: ill help
(26:25 / All) ICE-CREAM-BOY: green
(29:37 / All) BILLY_BOITUCHER: GET THE FUCK OUT
(29:39 / All) BILLY_BOITUCHER: GET THE FUCK OUT
(29:40 / All) cronicblaze: oj leave nigger
(29:41 / All) BILLY_BOITUCHER: GET THE FUCK OUT
(29:43 / All) BILLY_BOITUCHER: GET THE FUCK OUT
(29:45 / All) BILLY_BOITUCHER: GET THE FUCK OUT
(31:39 / All) BILLY_BOITUCHER: I like how the get the fuck out strat
(31:43 / All) BILLY_BOITUCHER: actually worked on blue
(31:54 / All) ICE-CREAM-BOY: ylloes trying to tower me with arcane towers lawl
(31:56 / All) ICE-CREAM-BOY: using my shop
(32:00 / All) BILLY_BOITUCHER: lmao
(32:15 / All) ICE-CREAM-BOY: kill my base
(32:36 / All) ICE-CREAM-BOY: yellow orange is my comrade, this was all a scam
(32:47 / All) BILLY_BOITUCHER: you got raped, yellow
(32:56 / All) BILLY_BOITUCHER: can't wait to see your chatlog in the replay
(33:04 / All) ICE-CREAM-BOY: not good chatlog
(33:10 / All) BILLY_BOITUCHER: really?
(33:12 / All) BILLY_BOITUCHER: wasn't green mad?
(33:21 / All) ICE-CREAM-BOY: teal didnt talk, green didnt know english, and yellow was trying to win
(33:27 / All) BILLY_BOITUCHER: should I leave your altar and shop?
(33:35 / All) ICE-CREAM-BOY: no yellow wont leave
(35:58 / All) ICE-CREAM-BOY: chasingyellows hero
(36:03 / All) BILLY_BOITUCHER: only the mk can wear 3 pairs of boots
(36:24 / All) ICE-CREAM-BOY: aw shit
(36:27 / All) ICE-CREAM-BOY: one sec too alte on tp staff
(36:46 / All) ICE-CREAM-BOY: now u see why tp staff is good for stabbing
(36:50 / All) BILLY_BOITUCHER: yeah
(36:55 / All) ICE-CREAM-BOY: even level 10 bms get ownedb y it
(37:12 / All) ICE-CREAM-BOY: we didn't reveal ur base even one time
(37:17 / All) BILLY_BOITUCHER: really?
(37:18 / All) ICE-CREAM-BOY: up until just now
(37:22 / All) BILLY_BOITUCHER: damn
(37:31 / All) BILLY_BOITUCHER: RAPED YELLOW
(37:33 / All) ICE-CREAM-BOY: im sod amn excited for kingdoms of amalur
(37:34 / All) ICE-CREAM-BOY: lawl
(37:36 / All) ICE-CREAM-BOY: owned
(37:44 / All) ICE-CREAM-BOY: stast people
(37:46 / All) BILLY_BOITUCHER: I can't wait for skyrim and me3
(38:01 / All) BILLY_BOITUCHER: wanted skyrim since '06
(38:15 / All) ICE-CREAM-BOY: im telling u, kingdoms of amalur is a single player world of warcraft thats like oblivion
(38:32 / All) ICE-CREAM-BOY: people have no idea what they're talking about when they say its linear like fable
(38:41 / All) BILLY_BOITUCHER: I tried fable 3 recently
(38:42 / All) BILLY_BOITUCHER: hated it
(38:47 / All) BILLY_BOITUCHER: nothing like fable 2
(38:52 / All) ICE-CREAM-BOY: i hate british humor and its not even an rpg
(38:58 / All) ICE-CREAM-BOY: fable 2 disappointed me so much
(39:20 / All) BILLY_BOITUCHER: can't attack that magic shit
(39:49 / All) BILLY_BOITUCHER: did you ever find my expo?
(39:53 / All) ICE-CREAM-BOY: myh teams stats suck
(39:55 / All) ICE-CREAM-BOY: no where
(40:04 / All) BILLY_BOITUCHER: it's right and down from red
(40:41 / All) BILLY_BOITUCHER: noooooo
(41:17 / All) ICE-CREAM-BOY: blue is 50 games below 50 percent
(41:21 / All) ICE-CREAM-BOY: more actualyh
(41:21 / All) BILLY_BOITUCHER: damn
(41:43 / All) ICE-CREAM-BOY: wheres urj expo
(41:48 / All) BILLY_BOITUCHER: right to blue
(41:52 / All) BILLY_BOITUCHER: below red
(41:56 / All) BILLY_BOITUCHER: right of that tower
(41:58 / All) BILLY_BOITUCHER: directly
(42:08 / All) ICE-CREAM-BOY: what is significant of that
(42:16 / All) BILLY_BOITUCHER: directions?
(42:31 / All) ICE-CREAM-BOY: so who gets the loss
(42:37 / All) BILLY_BOITUCHER: hmm
(42:41 / All) ICE-CREAM-BOY: ur team?
(42:41 / All) BILLY_BOITUCHER: both teams were idiots
(42:51 / All) BILLY_BOITUCHER: your team wanted it the most I think
(43:09 / All) ICE-CREAM-BOY: i shall leave